 Dungeon Crawl Stone Soup version 0.30-a0-341-g682706514a (webtiles) character file.

Game seed: 11010385118331640345

18945 HoaS the Markstengu (level 12, -3/80 HPs)
             Began as a Tengu Hunter on Nov 3, 2022.
             Was an Elder of Makhleb.
             Shot with a bolt by an orc warrior (4 damage)
             ... on level 2 of the Orcish Mines.
             The game lasted 00:24:39 (8528 turns).

HoaS the Markstengu (Tengu Hunter)                  Turns: 8528, Time: 00:24:39

Health: -3/80      AC: 10    Str: 11    XL:     12   Next: 63%
Magic:  13/13      EV: 22    Int: 10    God:    Makhleb [****..]
Gold:   1034       SH:  0    Dex: 23    Spells: 11/11 levels left

rFire   . . .      SeeInvis +    a - +3 shortbow (elec)
rCold   . . .      Faith    .    (shield currently unavailable)
rNeg    . . .      Spirit   .    o - +0 acid dragon scales
rPois   .          Reflect  .    (helmet restricted)
rElec   .          Harm     .    q - +0 cloak
rCorr   +          Rampage  .    n - +1 pair of gloves
Will    .....                    (boots unavailable)
Stlth   ++........               k - amulet of regeneration
HPRegen 1.13/turn                c - +4 ring of slaying
MPRegen 0.13/turn                z - ring of see invisible

@: about to teleport, flying quickly and evasively, studying 2 skills, quick
A: beak, talons 3, nimble flight
a: Renounce Religion, Minor Destruction, Lesser Servant of Makhleb, Major
Destruction


You were on level 2 of the Orcish Mines.
You worshipped Makhleb.
Makhleb was greatly pleased with you.
You visited 3 branches of the dungeon, and saw 14 of its levels.
You also visited: Bailey.

You collected 1164 gold pieces.
You spent 130 gold pieces at shops.

Inventory:

Hand Weapons
 a - a +3 shortbow of electrocution (weapon)
Missiles
 t - 3 throwing nets
Armour
 n - a +1 pair of gloves (worn)
 o - +0 acid dragon scales (worn)
 q - a +0 cloak (worn)
Jewellery
 c - a +4 ring of slaying (left hand)
 k - an amulet of regeneration (around neck)
 z - a ring of see invisible (right hand)
Wands
 e - a wand of flame (17)
 r - a wand of charming (8)
 w - a wand of quicksilver (20)
 y - a wand of digging (1)
 B - a wand of mindburst (18)
 E - a wand of roots (2)
Scrolls
 b - a scroll of immolation
 j - a scroll of teleportation
 m - 2 scrolls of fear
 v - 2 scrolls of magic mapping
 x - a scroll of fog
 A - a scroll of brand weapon
Potions
 d - 11 potions of ambrosia
 f - 2 potions of resistance
 g - 2 potions of cancellation
 h - 2 potions of heal wounds
 i - a potion of curing
 l - 4 potions of attraction
 p - 3 potions of mutation
 s - a potion of invisibility {unknown}
 u - 2 potions of berserk rage {unknown}
 C - a potion of magic {unknown}


   Skills:
 * Level 11.5 Fighting
 - Level 16.0 Ranged Weapons
 + Level 4.0 Armour
 * Level 10.1 Dodging
 - Level 1.0 Stealth


You had 11 spell levels left.
You didn't know any spells.
Your spell library contained the following spells:

 Spells                   Type           Power      Damage    Failure   Level
 Freeze                   Ice            0%         1d3       50%         1
 Sting                    Tmut/Pois      0%         1d3       50%         1
 Blink                    Tloc           0%         N/A       65%         2
 Cigotuvi's Dreadful Rot  Necr/Pois/Air  0%         N/A       65%         2
 Momentum Strike          Conj/Tloc      0%         3d8       65%         2
 Poisonous Vapours        Pois/Air       0%         N/A       65%         2
 Sublimation of Blood     Necr           0%         N/A       65%         2
 Wereblood                Tmut           0%         N/A       65%         2
 Call Canine Familiar     Summ           0%         N/A       86%         3
 Frozen Ramparts          Ice            0%         1d1       86%         3
 Hailstorm                Conj/Ice       0%         3d3       86%         3
 Ignite Poison            Fire/Tmut/Pois 0%         N/A       86%         3
 Lesser Beckoning         Tloc           0%         N/A       86%         3
 Ozocubu's Armour         Ice            0%         N/A       86%         3
 Portal Projectile        Hex/Tloc       0%         N/A       86%         3
 Dispel Undead            Necr           0%         3d6       99%         4
 Leda's Liquefaction      Hex/Erth       0%         N/A       99%         4
 Olgreb's Toxic Radiance  Pois           0%         N/A       99%         4
 Sticky Flame             Conj/Fire      0%         2d3       99%         4
 Death Channel            Necr           0%         N/A       100%        6
 Ozocubu's Refrigeration  Ice            0%         4d7       100%        7
 Summon Hydra             Summ           0%         N/A       100%        7
 Ignition                 Fire           0%         3d3       100%        8


Dungeon Overview and Level Annotations

Branches:
Dungeon (11/15)            Temple (1/1) D:7            Lair (0/5) D:11
    Orc (2/2) D:11         Bailey (visited)
    Elf: Orc:2

Altars:
Ashenzari
Cheibriados
Dithmenos
Elyvilon
Fedhas
Gozag
Hepliaklqana
Kikubaaqudgha
Makhleb
Nemelex Xobeh
Okawaru
Qazlal
Ru
Sif Muna
Trog
Uskayaw
Vehumet
Wu Jian
Xom
Yredelemnul
Zin
The Shining One

Shops:
D:9 (   Orc:2 !(

Annotations:
D:9 2 transporters, sanka's ghost, novice AtCA


Innate Abilities, Weirdness & Mutations

You have a beak for a mouth.
You have claws for feet.
Your magical nature lets you fly swiftly and evasively.


Message History

You shoot an arrow.
The arrow hits the orc warlord but does no damage.
Lightning courses through the orc warlord!
The orc warlord is moderately wounded.
The orc warlord hits you from afar with a +0 glaive!
You shoot an arrow. The arrow hits the orc warlord!
The orc warlord is moderately wounded.
The orc warlord misses you.
You shoot an arrow. The arrow hits the orc warrior!
The orc warrior is moderately wounded.
The orc warlord closely misses you.
You shoot an arrow. The arrow hits the orc warrior.
Lightning courses through the orc warrior!
The orc warrior is severely wounded.
The orc warrior unwields a +0 arbalest.
The orc warrior wields a +0 glaive.
The orc warrior hits you with a +0 glaive!!
You shoot an arrow.
The arrow barely misses the orc warrior.
The orc warlord completely misses you. The orc warrior completely misses you.
You shoot an arrow.
The arrow hits the orc warlord but does no damage.
The orc warlord is moderately wounded.
You shoot an arrow. The arrow hits the orc warlord!!
The orc warlord is heavily wounded.
You shoot an arrow.
The arrow hits the orc warlord but does no damage.
The orc warlord is heavily wounded.
The orc warlord hits you from afar with a +0 glaive!!
The orc warrior unwields a +0 glaive.
The orc warrior wields a +0 arbalest.
The orc warrior shoots a bolt.
The bolt barely misses you.
You are too injured to fight recklessly!
You are too injured to fight recklessly!
You are too injured to fight recklessly!
You are too injured to fight recklessly!
As you read the scroll of teleportation, it crumbles to dust.
You feel strangely unstable.
The orc warlord hits you from afar with a +0 glaive!!
* * * LOW HITPOINT WARNING * * *
The orc warrior shoots a bolt.
The bolt hits you.
You die...

+#### .... ...# ).#
..+ #### ## #.#
..... #!.#.# #....
#..o.####
#..⌠..#..#o.@.+
#.....####.####
#..........####
##.#####.####..# .
#...#....'..#
#.#...#....#.)# ###
#.##)##..).####
#.###.............#
##..###.###'#####.#


You could see an orc warlord and an orc warrior (strong).

Vanquished Creatures
  Josephine (D:10)
  Harold (D:10)
  A boulder beetle (D:11)
  4 two-headed ogres
  Nergalle (D:11)
  Lodul (D:11)
  3 orc knights (Orc:2)
  2 orc sorcerers (Orc:2)
  Maggie (D:7)
  A komodo dragon (D:11)
  2 kobold demonologists
  A queen bee (D:10)
  2 trolls
  4 wraiths
  A wyvern (D:10)
  A yak (D:11)
  A steam dragon (D:8)
  A warg (Orc:2)
  An acid dragon (D:11)
  4 water moccasins
  16 orc warriors
  A sky beast (D:7)
  5 black bears
  19 ogres
  2 centaurs (D:8)
  7 kobold brigands
  2 necrophages (D:5)
  3 bullfrogs
  6 scorpions
  16 wights
  26 killer bees (D:10)
  7 howler monkeys
  2 hounds (D:5)
  Crazy Yiuf (D:4)
  10 orc priests
  A gnoll bouda (D:5)
  2 jellies
  4 iguanas
  7 orc wizards
  Robin (D:2)
  9 adders
  5 gnolls
  A shadow imp (D:5)
  A white imp (D:6)
  A worm (D:8)
  A dart slug (D:1)
  68 orcs
  2 ball pythons
  8 endoplasms
  18 goblins
  7 hobgoblins
  2 quokkas
  2 bats
  4 frilled lizards
  24 kobolds
  4 rats
329 creatures vanquished.

Vanquished Creatures (others)
  5 fungi
  7 plants
12 creatures vanquished.

Grand Total: 341 creatures vanquished

Notes
Turn   | Place    | Note
-------+----------+-------------------------------------------
     0 | D:1      | HoaS the Tengu Hunter began the quest for the Orb.
     0 | D:1      | Reached XP level 1. HP: 12/12 MP: 2/2
    97 | D:1      | Reached XP level 2. HP: 5/17 MP: 3/3
   212 | D:1      | Reached skill level 5 in Ranged Weapons
   234 | D:1      | Reached XP level 3. HP: 21/21 MP: 4/4
   731 | D:1      | Found a faded altar of an unknown god.
  1286 | D:2      | Noticed Robin
  1289 | D:2      | Reached skill level 6 in Ranged Weapons
  1295 | D:2      | Killed Robin
  1296 | D:2      | Reached XP level 4. HP: 15/26 MP: 5/5
  1650 | D:3      | Found a sacrificial altar of Ru.
  1711 | D:3      | Found a glowing golden altar of the Shining One.
  1828 | D:3      | Gained mutation: Your magical nature lets you fly swiftly
                  | and evasively. [Tengu growth]
  1828 | D:3      | Reached XP level 5. HP: 30/30 MP: 6/6
  1830 | D:3      | Reached skill level 7 in Ranged Weapons
  2183 | D:4      | Reached skill level 8 in Ranged Weapons
  2183 | D:4      | Reached XP level 6. HP: 35/35 MP: 7/7
  2196 | D:4      | Noticed a black bear
  2202 | D:4      | Killed a black bear
  2376 | D:4      | Noticed a black bear
  2401 | D:4      | Reached skill level 9 in Ranged Weapons
  2401 | D:4      | Reached XP level 7. HP: 37/40 MP: 8/8
  2638 | D:4      | Found a runed translucent door.
  2639 | D:4      | Noticed Crazy Yiuf
  2789 | D:4      | Killed Crazy Yiuf
  2842 | D:5      | Entered Level 5 of the Dungeon
  2907 | D:5      | Found a blossoming altar of Fedhas.
  2918 | D:5      | Reached skill level 10 in Ranged Weapons
  3074 | D:5      | Reached XP level 8. HP: 39/44 MP: 9/9
  3372 | D:5      | Reached skill level 11 in Ranged Weapons
  3687 | D:6      | Found a white marble altar of Elyvilon.
  3755 | D:6      | Reached skill level 12 in Ranged Weapons
  3875 | D:6      | Reached XP level 9. HP: 48/48 MP: 10/10
  4026 | D:6      | Found an ornate altar of the Wu Jian Council.
  4203 | D:7      | Noticed Maggie
  4217 | D:7      | Reached skill level 13 in Ranged Weapons
  4257 | D:7      | Killed Maggie
  4371 | D:7      | Reached skill level 14 in Ranged Weapons
  4652 | D:7      | Found a staircase to the Ecumenical Temple.
  4675 | Temple   | Entered the Ecumenical Temple
  4680 | Temple   | Became a worshipper of Makhleb the Destroyer
  4919 | D:8      | Noticed a two-headed ogre
  4922 | D:8      | Reached skill level 15 in Ranged Weapons
  4928 | D:8      | Killed a two-headed ogre
  4929 | D:8      | Reached XP level 10. HP: 48/53 MP: 11/11
  4971 | D:8      | Identified a scroll of acquirement
  4974 | D:8      | Acquired a manual of Ranged Weapons
  5021 | D:8      | Found a snail-covered altar of Cheibriados.
  5044 | D:8      | Found an ancient bone altar of Kikubaaqudgha.
  5081 | D:8      | Reached skill level 16 in Ranged Weapons
  5105 | D:8      | Found a bloodstained altar of Trog.
  5154 | D:8      | Noticed a two-headed ogre
  5163 | D:8      | Killed a two-headed ogre
  5574 | D:9      | Found a flagged portal.
  5601 | Bailey   | Entered a bailey
  5624 | Bailey   | Reached * piety under Makhleb
  5696 | Bailey   | Identified the +1 leather armour "Seekhagg" {rN++ Slay+4
                  | SInv}
  5708 | Bailey   | Reached skill level 5 in Fighting
  5713 | Bailey   | Noticed an orc knight
  5799 | D:9      | Reached skill level 5 in Dodging
  5879 | D:9      | Found Gomaciwn's Weapon Shop.
  5926 | D:9      | Found a radiant altar of Vehumet.
  6040 | D:9      | Reached XP level 11. HP: 66/66 MP: 12/12
  6050 | D:9      | Found a transporter.
  6050 | D:9      | Noticed sanka's ghost (novice AtCA)
  6058 | D:9      | Noticed a five-headed hydra
  6210 | D:9      | Found a transporter.
  6299 | D:10     | Entered Level 10 of the Dungeon
  6306 | D:10     | Found a shimmering altar of Xom.
  6353 | D:10     | Noticed a sun demon
  6392 | D:10     | Noticed a two-headed ogre
  6399 | D:10     | Killed a two-headed ogre
  6419 | D:10     | Reached ** piety under Makhleb
  6452 | D:10     | Found a shadowy altar of Dithmenos.
  6480 | D:10     | Noticed Josephine
  6486 | D:10     | Killed Josephine
  6580 | D:10     | Noticed Harold
  6598 | D:10     | Killed Harold
  6891 | D:10     | Found an opulent altar of Gozag.
  7024 | D:11     | Noticed a boulder beetle
  7033 | D:11     | Killed a boulder beetle
  7034 | D:11     | Reached skill level 10 in Fighting
  7140 | D:11     | Reached *** piety under Makhleb
  7155 | D:11     | Noticed Lodul
  7215 | D:11     | Noticed Nergalle
  7236 | D:10     | Reached skill level 1 in Armour
  7236 | D:10     | Reached XP level 12. HP: 78/78 MP: 13/13
  7425 | D:11     | Found a staircase to the Orcish Mines.
  7484 | D:11     | Killed Nergalle
  7538 | D:11     | Found a staircase to the Lair.
  7560 | D:11     | Killed Lodul
  7659 | Orc:1    | Entered Level 1 of the Orcish Mines
  7797 | Orc:2    | Entered Level 2 of the Orcish Mines
  7901 | Orc:2    | Noticed a two-headed ogre
  7931 | Orc:1    | Killed a two-headed ogre
  7978 | Orc:2    | Reached **** piety under Makhleb
  8295 | Orc:2    | Found Kanto Ci Uqu's Distillery.
  8350 | Orc:2    | Bought a potion of heal wounds for 65 gold pieces
  8350 | Orc:2    | Bought a potion of heal wounds for 65 gold pieces
  8357 | Orc:2    | Found Necallim's Antique Weapon Shop.
  8479 | Orc:2    | Reached skill level 10 in Dodging
  8515 | Orc:2    | Noticed an orc warlord
  8528 | Orc:2    | HP: 1/80 [orc warlord/+0 glaive (23)]
  8528 | Orc:2    | Shot with a bolt by an orc warrior

Illustrated notes

Levels and vault maps discovered:
D:1:      doesnt_arrival_eight_statues, layout_basic, serial_bayou,
          serial_bayou_pond_d, serial_bayou_shore_b, serial_bayou_pond_d,
          serial_bayou_lagoon_a, serial_bayou_pond_d,
          shapermc_ecumenical_altar_hornbeckon, chequers_serial_rivers_micro_c,
          minivault_27
D:2:      layout_loops_ring, st_stairs_1, minivault_5, glass_columns_c,
          uniq_robin
D:3:      layout_basic, lemuel_tele_altar, mainiacjoe_overflow_boulevard
D:4:      layout_rooms, uniq_crazy_yiuf_cottage
D:5:      layout_basic, lemuel_doored_altar
D:6:      layout_rooms, pdpol_wu_jian_five_deadly_venoms, elyvilon_altar_1,
          minmay_manual_moon
D:7:      layout_loops_ring, minmay_temple_entry_stoned_glass, uniq_maggie
D:8:      layout_basic, cheibrodos_worm_habitat, old_standard_altar,
          mainiacjoe_overflow_paths, minmay_misc_feat_ornament
D:9:      layout_cross, nicolae_vehumet_radiance, serial_shops,
          nicolae_shop_bloodbath_and_beyond, gammafunk_ghost_arena,
          enter_bailey_5
D:10:     layout_roguey [special_room_bee], mainiacjoe_overflow_catch_the_wave,
          kennysheep_little_box, ebering_dispersal_statue_hall, uniq_harold,
          uniq_josephine
D:11:     layout_cave_pools, grunt_lair_entry_orc_guard_hut, orc_0_dummy,
          uniq_nergalle, uniq_lodul
Temple:   hellmonk_temple_micro_hex
Orc:1:    layout_caves, basic_altar
Orc:2:    pubby_orc_utopia, serial_shops

Skill      XL: |  1  2  3  4  5  6  7  8  9 10 11 12 |
---------------+-------------------------------------+-----
Ranged Weapons | 5 6 8 9 10 12 15 16 | 16.0
Fighting       | 6 10 11 | 11.5
Dodging        | 5 8 10 | 10.1
Armour         | 1 4 |  4.0
Stealth        | |  1.0

Action                   |  1- 3 |  4- 6 |  7- 9 | 10-12 || total
-------------------------+-------+-------+-------+-------++-------
 Fire: Shortbow          |    85 |    71 |   204 |   553 ||   913
Throw: Throwing net      |       |       |     1 |       ||     1
Evoke: Wand              |       |       |       |     1 ||     1
  Use: Scroll            |     4 |     7 |     6 |     8 ||    25
       Potion            |       |       |     2 |     8 ||    10
Armor: Leather armour    |    13 |     3 |    15 |     4 ||    35
       Steam dragon scal |       |       |       |     2 ||     2
       Acid dragon scale |       |       |       |    12 ||    12
Dodge: Dodged            |    14 |    17 |    46 |   217 ||   294

Table legend: (Time is in decaauts)
 A = Elapsed time spent in this place.
 B = Non-inter-level travel time spent in this place.
 C = Inter-level travel time spent in this place.
 D = Time resting spent in this place.
 E = Time spent auto-exploring this place.
 F = Levels seen in this place.
 G = Mean time per level.
                   A        B        C        D        E       F      G
               +--------+--------+--------+--------+--------+-----+--------+
         Total |   7952 |   7628 |    324 |    731 |   5355 |  15 |  530.1 |
       Dungeon |   7049 |   6726 |    323 |    470 |   4962 |  11 |  640.8 |
        Temple |     10 |     10 |      0 |      0 |      0 |   1 |   10.0 |
  Orcish Mines |    790 |    790 |      0 |    242 |    363 |   2 |  395.0 |
        Bailey |    102 |    102 |      0 |     18 |     28 |   1 |  102.0 |
               +--------+--------+--------+--------+--------+-----+--------+

Top non-repeatable levels by time:
     D:1: 831 daAuts
     D:5: 777 daAuts
     D:2: 758 daAuts
    D:10: 688 daAuts
     D:8: 660 daAuts
     D:3: 656 daAuts
     D:4: 568 daAuts
     D:9: 552 daAuts
     D:7: 538 daAuts
    D:11: 522 daAuts
   Orc:2: 509 daAuts
     D:6: 494 daAuts
   Orc:1: 281 daAuts
  Bailey: 102 daAuts
  Temple: 10 daAuts
